 Dungeon Crawl Stone Soup version 0.29-a0-459-g97dee8cd24 (webtiles) character file.

Game seed: 2799488198429113235

31 holysushi the Cutter (level 3, -2/26 HPs)
             Began as an Octopode Monk on May 20, 2022.
             Slain by a gnoll
             ... wielding a +0 halberd
              (5 damage)
             ... on level 2 of the Dungeon.
             The game lasted 00:01:21 (1092 turns).

holysushi the Cutter (Octopode Monk)                Turns: 1092, Time: 00:01:22

Health: -2/26      AC:  1    Str: 10    XL:     3   Next: 22%
Magic:  3/3        EV: 14    Int: 18    God:
Gold:   52         SH:  5    Dex: 16    Spells: 2/2 levels left

rFire   . . .      SeeInvis .   a - +0 short sword
rCold   . . .      Faith    .   (no shield)
rNeg    . . .      Spirit   .   (helmet restricted)
rPois   .          Reflect  +   i - amulet of reflection
rElec   .          Harm     .   f - +6 ring of intelligence
rCorr   .          Rampage  .   (no ring)
Will    .....                   (no ring)
Stlth   +++.......              (no ring)
HPRegen 0.08/turn               (no ring)
MPRegen 0.08/turn               (no ring)
                                (no ring)
                                (no ring)

@: slowed, very slow
A: almost no armour, amphibious, 8 rings, camouflage 1, gelatinous body 1,
(nimble swimmer 1), tentacles
a: no special abilities


You were on level 2 of the Dungeon.
You visited 1 branch of the dungeon, and saw 2 of its levels.

You collected 52 gold pieces.

Inventory:

Hand Weapons
 a - a +0 short sword (weapon)
Jewellery
 f - a +6 ring of intelligence (left tentacle)
 i - an amulet of reflection (around mantle)
Scrolls
 d - a scroll of fear {unknown}
 e - a scroll of amnesia {unknown}
 g - 3 scrolls of identify {unknown}
 h - 3 scrolls of blinking {unknown}
 j - 3 scrolls of enchant weapon {unknown}
Potions
 b - a potion of ambrosia
 c - a potion of mutation {unknown}
 k - a potion of lignification {unknown}


   Skills:
 - Level 3.0 Fighting
 + Level 4.2 Short Blades
 - Level 3.0 Dodging
 - Level 2.6 Stealth


You had 2 spell levels left.
You didn't know any spells.
Your spell library contained the following spells:

 Spells                   Type           Power      Damage    Failure   Level
 Apportation              Tloc           0%         N/A       22%         1
 Necrotize                Necr           0%         1d4       22%         1
 Summon Small Mammal      Summ           0%         N/A       22%         1


Dungeon Overview and Level Annotations

Branches:
Dungeon (2/15)

Altars:
Dithmenos

Shops:
D:2 =

Annotations:
D:1 exclusion: downstairs
D:2 Jessica


Innate Abilities, Weirdness & Mutations

You cannot wear most types of armour.
You are amphibious.
You can wear up to eight rings at the same time.
Your skin changes colour to match your surroundings (Stealth+).
Your rubbery body absorbs attacks. (AC +1, EV +1)
((You are camouflaged when in or above water. (Stealth+)))
You have tentacles for arms and can constrict up to eight enemies at once.


Message History

Found a stone staircase leading down.
The goblin misses you.
You closely miss the goblin. You grab the goblin. You constrict the goblin.
The goblin hits you with a +0 dagger.
You hit the goblin.
You kill the goblin!
k - a viscous green potion You see here a +0 dagger.
HP restored.
There is a stone staircase leading down here.
Jessica the Apprentice Sorceress comes into view.
She is wielding a +0 club.
Jessica is nearby!
Jessica is nearby!
A jackal comes into view.
The gnoll shouts!
A jackal comes into view.
The jackal moves out of view.
An adder comes into view.
The gnoll hits you from afar with a +0 halberd!
A rat comes into view.
Jessica shouts!
The jackal barks!
You hear a shout!
You hear an angry hiss.
You hear a shout!
You hear a bark!
You hear a shout!
A goblin comes into view. It is wielding a +0 club.
You hear a shout!
Jessica shouts, "You're disturbing me!
I'll have to kill you!" The gnoll closely misses you.
Jessica gestures wildly while chanting.
Jessica seems to speed up.
Jessica attacks as you move away! Jessica closely misses you.
Jessica hits you with a +0 club. Jessica attacks as you move away!
You block Jessica's attack. Jessica casts a spell at you.
You feel yourself slow down. Jessica attacks as you move away!
Jessica hits you with a +0 club.
* * * LOW HITPOINT WARNING * * *
Jessica hits you with a +0 club.
* * * LOW HITPOINT WARNING * * *
The gnoll hits you from afar with a +0 halberd.
You die...

####........#
#.....#####.#
#.###.......#
#.# #########
#.# #.#
####### #)#
#.....# #.#
#.....#####@#
+.....g.hg@>#
#.....#######
#......#
#.####...r..#
#.....g....#
.###.......#
#g......#
#.####+##


You could see a gnoll, Jessica (fast), a jackal and a goblin.

Vanquished Creatures
  A gnoll (D:2)
  2 ball pythons (D:1)
  4 jackals (D:1)
  A quokka (D:1)
  A bat (D:2)
  2 frilled lizards
  7 goblins
  2 kobolds (D:1)
20 creatures vanquished.

Notes
Turn   | Place    | Note
-------+----------+-------------------------------------------
     0 | D:1      | holysushi the Octopode Monk began the quest for the Orb.
     0 | D:1      | Reached XP level 1. HP: 16/16 MP: 1/1
   142 | D:1      | Reached XP level 2. HP: 17/21 MP: 2/2
   241 | D:1      | Found a shadowy altar of Dithmenos.
   360 | D:1      | Found a faded altar of an unknown god.
   663 | D:2      | Found Vonawoam's Jewellery Emporium.
   676 | D:2      | Reached skill level 4 in Short Blades
   676 | D:2      | Reached XP level 3. HP: 26/26 MP: 3/3
  1077 | D:2      | Noticed Jessica
  1092 | D:2      | Slain by a gnoll

Illustrated notes

Levels and vault maps discovered:
D:1:      minmay_arrival_stair_chambers, layout_basic,
          shapermc_ecumenical_altar_starsandcircs, kennysheep_flooded_box
D:2:      minmay_door_path, layout_basic, serial_shops, shop_coins,
          minivault_23, uniq_terence, uniq_jessica

Skill      XL: |  1  2 |
---------------+-------+-----
Short Blades   | 4 |  4.2
Fighting       | |  3.0
Dodging        | |  3.0
Stealth        | |  2.6

Action                   || total
-------------------------++-------
Melee: Short sword       ||    40
       Constrict         ||    10
       Tentacles         ||     6
 Stab: Sleeping          ||     5
Armor: Skin              ||     5
Dodge: Dodged            ||    27
Block: Other             ||     4

Table legend: (Time is in decaauts)
 A = Elapsed time spent in this place.
 B = Non-inter-level travel time spent in this place.
 C = Inter-level travel time spent in this place.
 D = Time resting spent in this place.
 E = Time spent auto-exploring this place.
 F = Levels seen in this place.
 G = Mean time per level.
                   A        B        C        D        E       F      G
               +--------+--------+--------+--------+--------+-----+--------+
         Total |   1089 |   1027 |     62 |    321 |    524 |   2 |  544.5 |
       Dungeon |   1089 |   1027 |     62 |    321 |    524 |   2 |  544.5 |
               +--------+--------+--------+--------+--------+-----+--------+

Top non-repeatable levels by time:
     D:1: 938 daAuts
     D:2: 150 daAuts
